 Dungeon Crawl Stone Soup version 0.27-a0-1301-g128193abf8 (webtiles) character file.

Game seed: 13454859476817274567

1687 Sobieck the Cleaver (level 9, -4/71 HPs)
             Began as a Hill Orc Abyssal Knight on June 17, 2021.
             Was a Believer of Lugonu.
             Slain by a troll (9 damage)
             ... on level 6 of the Dungeon.
             The game lasted 00:12:06 (6390 turns).

Sobieck the Cleaver (Hill Orc Abyssal Knight)       Turns: 6390, Time: 00:12:07

Health: -4/71      AC: 10    Str: 15 (18) XL:     9   Next: 2%
Magic:  15/15      EV:  8    Int: 11 (12) God:    Lugonu [**....]
Gold:   322        SH: 14    Dex:  7 (10) Spells: 8/8 levels left

rFire    . . .     SeeInvis .   a - +1 hand axe {axe}
rCold    . . .     Faith    .   z - +5 kite shield "Otuweyr" {rN+}
rNeg     + + .     Spirit   .   o - +2 ring mail {rN+}
rPois    .         Reflect  .   r - +2 helmet
rElec    .         Harm     .   n - scarf {repulsion}
rCorr    .         Rampage  .   (no gloves)
Will     .....                  (no boots)
Stlth    ..........             (no amulet)
HPRegen  0.21/turn              q - ring of wizardry
MPRegen  0.14/turn              (no ring)

@: studying Necromancy, repel missiles
A: no striking features
a: Renounce Religion, Depart the Abyss, Bend Space


You were on level 6 of the Dungeon.
You worshipped Lugonu.
Lugonu was pleased with you.
You visited 1 branch of the dungeon, and saw 7 of its levels.
You visited the Abyss 1 time.

You collected 322 gold pieces.


   Skills:
 - Level 4.0 Fighting
 * Level 9.3 Axes
 - Level 2.1 Armour
 - Level 0.7 Dodging
 + Level 5.8 Shields
 * Level 9.2 Invocations


You had 8 spell levels left.
You didn't know any spells.
Your spell library was empty.

Inventory:

Hand Weapons
 a - a +1 hand axe (weapon) {axe}
 b - a +0 hunting sling {sling}
   (You found it on level 1 of the Dungeon)
 g - a +0 morningstar {mace}
   (You found it on level 5 of the Dungeon)
 h - a +3 short sword of venom {short}
   (You took it off a kobold on level 1 of the Dungeon)
 m - a +0 mace {mace}
   (You found it on level 1 of the Dungeon)
Missiles
 i - 58 stones (quivered) {throwing}
 j - 59 bolts
 s - 8 silver javelins {throwing}
 t - 15 sling bullets
 w - 39 arrows
 C - 6 javelins {throwing}
Armour
 n - a scarf of repulsion (worn)
   (You found it on level 1 of the Dungeon)
 o - a +2 ring mail of positive energy (worn)
   (You found it on level 1 of the Dungeon)
 r - a +2 helmet (worn)
   (You found it on level 2 of the Dungeon)
 z - the +5 kite shield "Otuweyr" (worn) {rN+}
   (You acquired it on level 4 of the Dungeon)

   It protects you from negative energy.
Jewellery
 q - a ring of wizardry (left hand)
   (You found it on level 2 of the Dungeon)
 u - a ring of willpower
   (You found it on level 2 of the Dungeon)
Wands
 p - a wand of iceblast (10)
   (You found it on level 4 of the Dungeon)
 v - a wand of flame (13)
   (You found it on level 5 of the Dungeon)
 y - a wand of acid (5)
   (You found it on level 4 of the Dungeon)
Scrolls
 e - a scroll of blinking {unknown}
 A - a scroll of teleportation {@r4}
Potions
 c - 3 potions of degeneration {!q@e2}
 d - 3 potions of curing {@q1}
 f - a potion of flight {unknown}
 k - a potion of lignification {unknown}
 l - a potion of might {unknown}
 x - a potion of brilliance {unknown}
 D - a potion of ambrosia {unknown}
 E - a potion of mutation {unknown}
Miscellaneous
 B - a phantom mirror
   (You found it on level 5 of the Dungeon)

Dungeon Overview and Level Annotations

Branches:
Dungeon (7/15)             Temple (0/1) D:5

Altars:
Okawaru
Sif Muna
Uskayaw
Vehumet

Annotations:
D:3 1 runed translucent door, Crazy Yiuf

#.....#
##########.....##
#.......#........
#.#####.#.#>..#.#
####.#####.#<#.#....
....##.....>....#.#
#..##.##.#.#####.#
#...#.##.#.# .
#@.......#..
#T###..#######
#.###....#
##.####..#..#
..⌠.........#
##.####...#.# #.
##....# #(###...#
#.)....##


You could see a troll.


Message History

The sling bullet closely misses the two-headed ogre.
The two-headed ogre hits you with a +0 giant club!
The two-headed ogre barely misses you. 😕 HP[-14]
You take 14 damage, and now have 52/66 hp.
MASSIVE DAMAGE!! (PAUSE)
Aiming: Corrosive Bolt
Press: ? - help, Shift-Dir - straight line, f/p - two-headed ogre
Aim: a two-headed ogre, wielding a +0 giant club and a +0 giant spiked club (86% to hit)
The bolt of acid hits the two-headed ogre!
The two-headed ogre is splashed with acid!
Aiming: Corrosive Bolt
Press: ? - help, Shift-Dir - straight line, f/p - two-headed ogre
Aim: a two-headed ogre, wielding a +0 giant club and a +0 giant spiked club (moderately wounded, 86% to hit)
The bolt of acid hits the two-headed ogre!
The two-headed ogre is splashed with acid.
The acid corrodes the two-headed ogre!
You block the two-headed ogre's attack. x2 😕 HP[+1]
Aiming: Corrosive Bolt
Press: ? - help, Shift-Dir - straight line, f/p - two-headed ogre
Aim: a two-headed ogre, wielding a +0 giant club and a +0 giant spiked club (severely wounded, covered in acid, 86% to hit)
The bolt of acid hits the two-headed ogre!
The two-headed ogre is splashed with acid.
You kill the two-headed ogre!
Lugonu accepts your kill.
Your Axes skill gained 2 levels and is now at level 9!
Your Invocations skill gained 2 levels and is now at level 9!
You have reached level 9!
Your experience leads to an increase in your attributes!
Increase (S)trength, (I)ntelligence, or (D)exterity?
You feel stronger. 😕 HP[+4]
You now have 71 max hp (+5).
You regained 4 hp, and now have 57/71 hp.
Things that are here:
a +0 giant club {mace}; a +0 giant spiked club {mace} 😕 HP[+1] 😕 MP[+1] 😕 HP[+1]
You start resting. 😕 HP[+1] MP[+1]
Your mp is fully restored (15).
You start resting. 😎 HP[+11]
Your hp is fully restored (71).
A troll comes into view.
The troll shouts!
You block the troll's attack. The troll claws you but does no damage.
The troll claws you! 😕 HP[-10]
You take 10 damage, and now have 61/71 hp.
a - a +1 hand axe (weapon)
{axe} You hit the troll.
The troll bites you. You block the troll's attack.
The troll claws you. 😕 HP[-7]
You take 7 damage, and now have 54/71 hp.
You closely miss the troll. You block the troll's attack. x2
The troll claws you. 😮 HP[-1]
You take 1 damage, and now have 53/71 hp.
Your shield and ring mail prevent you from hitting the troll.
The troll bites you! You block the troll's attack.
The troll barely misses you. 😮 HP[-9]
You take 9 damage, and now have 44/71 hp.
You closely miss the troll. You block the troll's attack. The troll claws you!
You block the troll's attack. 😮 HP[-7]
You take 7 damage, and now have 37/71 hp.
Unknown command.
You slash the troll!
You block the troll's attack. x2; The troll claws you.
* * * LOW HITPOINT WARNING * * *
😨 HP[-5]
You take 5 damage, and now have 32/71 hp.
You slash the troll!
You block the troll's attack. x2; The troll claws you!
* * * LOW HITPOINT WARNING * * *
😨 HP[-9]
You take 9 damage, and now have 23/71 hp.
You barely miss the troll. The troll bites you!
* * * LOW HITPOINT WARNING * * *
The troll closely misses you. The troll barely misses you. 😱 HP[-7]
You take 7 damage, and now have 16/71 hp.
You slash the troll! The troll bites you!
* * * LOW HITPOINT WARNING * * *
The troll claws you but does no damage. The troll claws you.
* * * LOW HITPOINT WARNING * * *
😱 HP[-13]
You take 13 damage, and now have 3/71 hp.
You hit the troll. The troll closely misses you.
You block the troll's attack. x2 😱 HP[+1] It was a potion of degeneration.
There was something very wrong with that liquid.
You feel weakened.
You feel dopey.
You feel clumsy. The troll closely misses you. You block the troll's attack. x2
It was a potion of curing.
You feel better. The troll bites you!
* * * LOW HITPOINT WARNING * * *
The troll claws you but does no damage. You block the troll's attack. 😱 HP[+1]
You hit the troll. The troll bites you!
You die...

Skill      XL: |  1  2  3  4  5  6  7  8 |
---------------+-------------------------+-----
Axes           | 3 4 5 7 9 |  9.3
Fighting       | 4 |  4.0
Invocations    | 3 4 5 7 9 |  9.2
Shields        | 1 2 3 4 5 |  5.8
Armour         | |  2.1
Dodging        | |  0.7

Action                   |  1- 3 |  4- 6 |  7- 9 || total
-------------------------+-------+-------+-------++-------
Melee: Hand axe          |    81 |   139 |   135 ||   355
 Fire: Hunting sling     |     6 |    42 |    15 ||    63
Throw: Javelin           |       |     6 |     6 ||    12
Invok: Depart the Abyss  |     1 |       |       ||     1
Evoke: Wand              |       |       |     3 ||     3
  Use: Scroll            |       |     8 |       ||     8
       Potion            |       |       |     2 ||     2
Armor: Leather armour    |    11 |       |       ||    11
       Ring mail         |    14 |    49 |    56 ||   119
Dodge: Dodged            |    42 |    54 |    54 ||   150
Block: Buckler           |    18 |    22 |       ||    40
       Kite shield       |       |    29 |   125 ||   154

Levels and vault maps discovered:
D:1:      erik_arrival_blinker_ship, layout_loops_ring,
          hellmonk_ecumenical_altar_crossroads
D:2:      layout_loops_ring, corexii_corridor_pit, skrybe_limestone_x,
          uniq_jessica
D:3:      wander_river, layout_loops_corners, nicolae_uskayaw_en_pointe,
          fiery_altar_vehumet, lemuel_doored_altar, feat_on_display,
          uniq_crazy_yiuf_cottage
D:4:      layout_basic, okawaru_gym_becter, minmay_manual_mail
D:5:      layout_rooms, minmay_temple_entry_statues_fountains, minivault_5,
          minmay_checkerbox
D:6:      minmay_polygon_palace, layout_loops_cross, jmf_multi_god_temple,
          marbit_many_paths, portal_sewer_entry_d, nicolae_wooded_promenade,
          kb_rosetta
D:7:      layout_basic, nemelex_spade_bored_becter, uniq_harold, uniq_pikel

Notes
Turn   | Place    | Note
-------+----------+-------------------------------------------
     0 | Abyss:1  | Sobieck the Hill Orc Abyssal Knight began the quest for the
                  | Orb.
     0 | Abyss:1  | Reached XP level 1. HP: 19/19 MP: 2/2
     0 | Abyss:1  | magus.rc [v1.9.6]
   116 | Abyss:1  | Noticed a small abomination
   123 | Abyss:1  | HP: 3/19 [small abomination (10)]
   124 | D:1      | You pass through the gate.
   124 | D:1      | Escaped the Abyss
   473 | D:1      | Reached skill level 3 in Axes
   473 | D:1      | Reached XP level 2. HP: 19/27 MP: 4/4
   662 | D:1      | You fall into a shaft and drop 1 floor!
   670 | D:2      | Reached * piety under Lugonu
   822 | D:1      | HP: 6/27 [poisoned by a kobold]
   826 | D:1      | HP: 2/27 [poisoned by a kobold]
  1115 | D:1      | Found a faded altar of an unknown god.
  1232 | D:1      | Reached skill level 4 in Fighting
  1272 | D:1      | Reached skill level 3 in Invocations
  1356 | D:2      | Reached skill level 1 in Shields
  1673 | D:2      | Reached XP level 3. HP: 32/33 MP: 5/5
  1938 | D:2      | Noticed Jessica
  1943 | D:2      | Killed Jessica
  1944 | D:2      | Reached XP level 4. HP: 40/40 MP: 6/6
  2425 | D:3      | Found a runed translucent door.
  2426 | D:3      | Noticed Crazy Yiuf
  2550 | D:3      | Found a radiant altar of Vehumet.
  2661 | D:3      | Noticed a +0 falchion
  2661 | D:3      | Noticed a +0 falchion
  2661 | D:3      | Noticed a +0 short sword
  2662 | D:3      | Noticed a +0 spear
  2662 | D:3      | Noticed a +0 dagger
  2663 | D:3      | Noticed a +0 spear
  2663 | D:3      | Noticed a +0 short sword
  2663 | D:3      | Noticed a +0 dagger
  2693 | D:3      | Reached skill level 4 in Axes
  2693 | D:3      | Reached skill level 2 in Shields
  2837 | D:3      | Found a hide-covered altar of Uskayaw.
  3278 | D:3      | Reached skill level 4 in Invocations
  3278 | D:3      | Reached XP level 5. HP: 40/46 MP: 6/8
  3371 | D:3      | Found a shimmering blue altar of Sif Muna.
  3771 | D:5      | Entered Level 5 of the Dungeon
  4035 | D:4      | Reached skill level 3 in Shields
  4123 | D:4      | Reached skill level 5 in Axes
  4123 | D:4      | Reached XP level 6. HP: 52/52 MP: 9/9
  4127 | D:4      | Reached skill level 5 in Invocations
  4294 | D:4      | Found an iron altar of Okawaru.
  4592 | D:4      | Identified a scroll of acquirement
  4592 | D:4      | Acquired the +5 kite shield "Otuweyr" {rN+}
  4740 | D:5      | Found a staircase to the Ecumenical Temple.
  4759 | D:5      | Reached skill level 4 in Shields
  4759 | D:5      | Reached XP level 7. HP: 56/59 MP: 11/11
  4790 | D:5      | Reached skill level 6 in Axes
  4790 | D:5      | Reached skill level 6 in Invocations
  5118 | D:6      | Reached ** piety under Lugonu
  5119 | D:6      | HP: 14/59 [poisoned by a water moccasin]
  5124 | D:6      | HP: 8/59 [poisoned by a water moccasin]
  5434 | D:6      | Reached skill level 7 in Axes
  5512 | D:5      | Reached skill level 7 in Invocations
  5653 | D:5      | HP: 12/59 [ogre (21)]
  5656 | D:5      | Reached XP level 8. HP: 14/66 MP: 13/13
  6260 | D:6      | Reached skill level 5 in Shields
  6302 | D:6      | Noticed a two-headed ogre
  6307 | D:6      | Killed a two-headed ogre
  6308 | D:6      | Reached skill level 9 in Axes
  6308 | D:6      | Reached skill level 9 in Invocations
  6308 | D:6      | Reached XP level 9. HP: 57/71 MP: 13/15
  6376 | D:6      | Noticed a troll
  6385 | D:6      | HP: 16/71 [troll (7)]
  6386 | D:6      | HP: 3/71 [troll (5)]
  6390 | D:6      | Slain by a troll

Vanquished Creatures
  A two-headed ogre (D:6)
  A water moccasin (D:6)
  A black bear (D:5)
  2 ogres
  A bullfrog (D:6)
  A water moccasin zombie (D:5)
  A scorpion (D:4)
  2 howler monkeys
  A bullfrog zombie (D:5)
  5 hounds
  An iguana (D:5)
  Jessica (D:2)
  2 scorpion zombies (D:5)
  8 adders
  An ufetubus (D:6)
  2 adder skeletons (D:4)
  A worm (D:3)
  A dart slug (D:4)
  3 orcs
  5 endoplasms
  3 giant cockroaches
  5 goblins
  7 hobgoblins
  8 jackals (D:2)
  6 kobolds
  3 ball pythons
  3 bats
  4 rats
80 creatures vanquished.

Table legend:
 A = Non-vault XP
 B = Vault XP
 C = Vault XP percentage of total XP
 D = Non-vault monster count
 E = Vault monster count
 F = Vault count percentage of total count
                 A         B        C        D         E       F
            +---------+---------+-------+---------+---------+-------
      Total |    1304 |    1106 |  45.9 |      67 |      13 |  16.2
            +---------+---------+-------+---------+---------+-------
        D:1 |      21 |       0 |   0.0 |      13 |       0 |   0.0
        D:2 |      29 |      37 |  56.1 |      16 |       1 |   5.9
        D:3 |      90 |       0 |   0.0 |      12 |       0 |   0.0
        D:4 |     285 |      74 |  20.6 |      10 |       7 |  41.2
        D:5 |     523 |      99 |  15.9 |       9 |       3 |  25.0
        D:6 |     356 |     896 |  71.6 |       7 |       2 |  22.2
            +---------+---------+-------+---------+---------+-------

Illustrated notes

Table legend:
 A = Kills in this place as a percentage of kills in entire the game.
 B = Kills by you in this place as a percentage of kills by you in the entire game.
 C = Kills by friends in this place as a percentage of kills by friends in the entire game.
 D = Other kills in this place as a percentage of other kills in the entire game.
 E = Experience gained in this place as a percentage of experience gained in the entire game.
 F = Experience gained in this place divided by the number of levels of this place that you have seen.
                   A       B       C       D       E      F
               +-------+-------+-------+-------+-------+----------------------
         Total | 100.0 | 100.0 |   N/A |   N/A | 100.0 | 301.2
       Dungeon | 100.0 | 100.0 |   N/A |   N/A | 100.0 | 344.3
               +-------+-------+-------+-------+-------+----------------------

Table legend: (Time is in decaauts)
 A = Elapsed time spent in this place.
 B = Non-inter-level travel time spent in this place.
 C = Inter-level travel time spent in this place.
 D = Time resting spent in this place.
 E = Time spent auto-exploring this place.
 F = Levels seen in this place.
 G = Mean time per level.
                   A        B        C        D        E       F      G
               +--------+--------+--------+--------+--------+-----+--------+
         Total |   6476 |   6163 |    313 |   1653 |   3450 |   8 |  809.5 |
       Dungeon |   6351 |   6038 |    313 |   1653 |   3335 |   7 |  907.3 |
         Abyss |    125 |    125 |      0 |      0 |    115 |   1 |  125.0 |
               +--------+--------+--------+--------+--------+-----+--------+

Top non-repeatable levels by time:
     D:1: 1316 daAuts
     D:3: 1297 daAuts
     D:5: 1277 daAuts
     D:2: 983 daAuts
     D:4: 915 daAuts
     D:6: 557 daAuts
 Abyss:1: 125 daAuts
     D:7: 4 daAuts
